 Dungeon Crawl Stone Soup version 0.28-a0-1624-g820543e53a (webtiles) character file.

Game seed: 2694839873605886

227 HallandMoats the Skirmisher (level 6, -1/53 HPs)
             Began as a Ghoul Fighter on Jan 24, 2022.
             Was an Initiate of Gozag.
             Slain by a killer bee (6 damage)
             ... on level 4 of the Dungeon.
             The game lasted 00:02:15 (2571 turns).

HallandMoats the Skirmisher (Ghoul Fighter)         Turns: 2571, Time: 00:02:15

Health: -1/53      AC:  6    Str: 20    XL:     6   Next: 2%
Magic:  5/5        EV:  9    Int:  5    God:    Gozag
Gold:   185        SH:  4    Dex:  8    Spells: 5/5 levels left

rFire   . . .      SeeInvis .   a - +0 trident
rCold   + . .      Faith    .   c - +0 buckler
rNeg    + + +      Spirit   .   b - +0 scale mail
rPois   ∞          Reflect  .   (no helmet)
rElec   .          Harm     .   (no cloak)
rCorr   .          Rampage  .   (no gloves)
Will    .....                   (no boots)
Stlth   ..........              (no amulet)
HPRegen 0.00/turn               (no ring)
MPRegen 0.09/turn               (no ring)

@: mighty, gold aura, inhibited regen
A: claws 1, cold resistance 1, negative energy resistance 3, inhibited
regeneration, torment resistance 2
a: Renounce Religion, Potion Petition, Call Merchant, Bribe Branch


You were on level 4 of the Dungeon.
You worshipped Gozag.
Gozag was aware of your devotion.
You visited 1 branch of the dungeon, and saw 4 of its levels.

You collected 185 gold pieces.

Inventory:

Hand Weapons
 a - a +0 trident (weapon)
Armour
 b - a +0 scale mail (worn)
 c - a +0 buckler (worn)
Jewellery
 f - an amulet of the acrobat
Scrolls
 e - a scroll of immolation {unknown}
 h - a scroll of vulnerability {unknown}
 i - a scroll of magic mapping {unknown}
 j - 3 scrolls of identify {unknown}
 k - a scroll of enchant weapon {unknown}
 m - a scroll of teleportation {unknown}
Potions
 g - a potion of lignification {unknown}
 l - a potion of attraction {unknown}


   Skills:
 * Level 4.7 Fighting
 * Level 3.3 Polearms
 + Level 3.3 Armour
 + Level 1.5 Dodging
 + Level 3.2 Shields


You had 5 spell levels left.
You didn't know any spells.
Your spell library was empty.

Dungeon Overview and Level Annotations

Branches:
Dungeon (4/15)
 Temple: D:4-7

Altars:
Gozag

Shops:
D:2 =


Innate Abilities, Weirdness & Mutations

You thrive by killing the living.
You are immune to poison.
You have sharp fingernails.
Your flesh is cold resistant. (rC+)
You are immune to negative energy. (rN+++)
You do not regenerate when monsters are visible.
You are immune to unholy pain and torment.


Message History

You are too injured to fight recklessly!
You are too injured to fight recklessly!
You are too injured to fight recklessly!
Reach: a) +0 trident
Press: ? - help, Dir - move target, f - killer bee
Aim: a killer bee (lightly wounded, about 77% to evade your +0 trident)
You puncture the killer bee!
The killer bee is almost dead.
The killer bee barely misses you.
The killer bee stings you but does no damage.
The killer bee stings you. The killer bee barely misses you.
Reach: a) +0 trident
Press: ? - help, Dir - move target, f/p - killer bee
Aim: a killer bee (almost dead, about 77% to evade your +0 trident)
You miss the killer bee.
The killer bee is almost dead.
You block the killer bee's attack. x3
The killer bee stings you but does no damage.
The killer bee stings you.
* * * LOW HITPOINT WARNING * * *
Reach: a) +0 trident
Press: ? - help, Dir - move target, f/p - killer bee
Aim: a killer bee (almost dead, about 77% to evade your +0 trident)
You puncture the killer bee!
You kill the killer bee!
The killer bee stings you.
* * * LOW HITPOINT WARNING * * *
The killer bee stings you.
* * * LOW HITPOINT WARNING * * *
The killer bee is distracted by your dazzling golden aura.
You have reached level 6!
Reach: a) +0 trident
Press: ? - help, Dir - move target, f - killer bee
Aim: a killer bee (unaware, hasn't noticed you, about 77% to evade your +0 trident)
You puncture the killer bee!
The killer bee is no longer distracted by gold.
The killer bee is severely wounded.
The killer bee stings you.
You die...
Your body crumbles into a pile of gold.

############ #..........#
########
#..........######......#####
..........................).
.......................####
..#########......y^.........
..#### #.##....$@...........
...).# #.##.......#####.....
..##.###.########## .....
..##.....## .... ..##.##...#
... ..........# ...
<.........# .#####....#
.....#....#


You could see a killer bee.

Vanquished Creatures
  A killer bee (D:4)
  Jessica (D:2)
  Natasha (D:3)
  3 gnolls (D:3)
  6 adders
  A worm (D:2)
  A dart slug (D:2)
  2 orcs
  2 ball pythons
  8 endoplasms
  4 hobgoblins
  A quokka (D:1)
  4 bats
  7 frilled lizards
  4 goblins
  5 kobolds
  3 rats
54 creatures vanquished.

Vanquished Creatures (others)
  A plant (D:1)
1 creature vanquished.

Grand Total: 55 creatures vanquished

Notes
Turn   | Place    | Note
-------+----------+-------------------------------------------
     0 | D:1      | HallandMoats the Ghoul Fighter began the quest for the Orb.
     0 | D:1      | Reached XP level 1. HP: 19/19 MP: 0/0
   184 | D:1      | Reached XP level 2. HP: 26/26 MP: 1/1
  1116 | D:2      | Noticed Jessica
  1117 | D:2      | Killed Jessica
  1118 | D:2      | Reached XP level 3. HP: 33/33 MP: 2/2
  1208 | D:2      | Reached skill level 4 in Fighting
  1208 | D:2      | Reached XP level 4. HP: 28/40 MP: 3/3
  1457 | D:2      | Found Japs's Jewellery Boutique.
  1622 | D:2      | Found a faded altar of an unknown god.
  1644 | D:2      | Prayed at the altar of an unknown god.
  1644 | D:2      | Became a worshipper of Gozag Ym Sagoz the Greedy
  1682 | D:3      | Reached skill level 1 in Dodging
  1918 | D:3      | Reached XP level 5. HP: 45/46 MP: 4/4
  2338 | D:3      | Noticed Natasha
  2348 | D:3      | Killed Natasha
  2571 | D:4      | Reached XP level 6. HP: 5/53 MP: 5/5
  2571 | D:4      | Slain by a killer bee

Illustrated notes

Levels and vault maps discovered:
D:1:      minmay_arrival_cross, layout_basic, serial_forest,
          infiniplex_forest_clump_curved, infiniplex_forest_straight_2,
          infiniplex_forest_clump_diagonal, infiniplex_forest_straight_3,
          infiniplex_forest_fountain, infiniplex_forest_diagonal,
          infiniplex_forest_end_2, infiniplex_forest_lined_corner,
          infiniplex_forest_clump_medium, nicolae_figureground_pulse
D:2:      layout_basic, shapermc_ecumenical_altar_notcrosses, serial_shops,
          shop, kennysheep_generic_room_7, uniq_jessica
D:3:      layout_loops_ring, minmay_misc_feat_chi, hex_tiny,
          kennysheep_generic_room_14, uniq_natasha
D:4:      layout_basic, gammafunk_temple_overflow_pools

Skill      XL: |  1  2  3  4  5 |
---------------+----------------+-----
Polearms       | 2 3 |  3.3
Fighting       | 4 |  4.7
Armour         | 3 |  3.3
Shields        | 3 |  3.2
Dodging        | 1 |  1.5

Action                   |  1- 3 |  4- 6 || total
-------------------------+-------+-------++-------
Melee: Trident           |    64 |   122 ||   186
  Use: Potion            |       |     1 ||     1
Armor: Scale mail        |    19 |    31 ||    50
Dodge: Dodged            |    27 |    47 ||    74
Block: Buckler           |    12 |    23 ||    35

Table legend: (Time is in decaauts)
 A = Elapsed time spent in this place.
 B = Non-inter-level travel time spent in this place.
 C = Inter-level travel time spent in this place.
 D = Time resting spent in this place.
 E = Time spent auto-exploring this place.
 F = Levels seen in this place.
 G = Mean time per level.
                   A        B        C        D        E       F      G
               +--------+--------+--------+--------+--------+-----+--------+
         Total |   2610 |   2548 |     62 |      0 |   2145 |   4 |  652.5 |
       Dungeon |   2610 |   2548 |     62 |      0 |   2145 |   4 |  652.5 |
               +--------+--------+--------+--------+--------+-----+--------+

Top non-repeatable levels by time:
     D:1: 1125 daAuts
     D:3: 820 daAuts
     D:2: 571 daAuts
     D:4: 93 daAuts
